 Dungeon Crawl Stone Soup version 0.31.0-9-g3a7656b989 (webtiles) character file.

Game seed: 12707211873108666954

39872 Gottschkopf the Thaumaturge (level 13, -12/102 HPs)
             Began as a Deep Elf Conjurer on Jan 31, 2024.
             Was a High Priest of Vehumet.
             Mangled by an anaconda simulacrum (14 damage)
             ... in an ice cave.
             The game lasted 01:08:22 (14832 turns).

Gottschkopf the Thaumaturge (Deep Elf Conjurer)    Turns: 14832, Time: 01:08:23

Health: -12/102    AC: 26    Str:  4    XL:     13   Next: 71%
Magic:  2/33       EV: -1    Int: 29    God:    Vehumet [*****.]
Gold:   891        SH:  5    Dex: 13    Spells: 4/40 levels left

rFire   . . .        B - staff of conjuration
rCold   . . .        (no shield)
rNeg    + . .        Y - melded +2 robe {rC+ rF+}
rPois   +            (helmet currently unavailable)
rElec   .            P - melded +2 cloak
rCorr   .            (gloves currently unavailable)
SInv    .            (boots currently unavailable)
Will    ++...        k - amulet of reflection
Stlth   +++          b - ring of positive energy
HPRegen 0.37/turn    v - ring of willpower
MPRegen 0.23/turn

%: reflection
@: tree-form, constricted
A: stationary, stasis, torment immunity, boosted hp, (horns 1), (fire resistance
1), (poison resistance)
a: Renounce Religion


You were in an ice cave.
You worshipped Vehumet.
Vehumet was extremely pleased with you.
You were a tree.
You visited 2 branches of the dungeon, and saw 13 of its levels.
You also visited: Ossuary, Bailey, Gauntlet and Ice Cave.

You collected 891 gold pieces.

Inventory:

Hand Weapons
 f - the +3 spear of Destiny {freeze, rElec rPois Int+2 Stlth+}
   (You found it in an ossuary)

   Int+2:     It affects your intelligence (+2).
   rElec:     It insulates you from electricity.
   rPois:     It protects you from poison Stlth+: It makes you more stealthy.
 D - a +2 dagger of venom
 O - the +0 morningstar "Esaeggof" {drain, rC++ rN+}
   (You found it on level 11 of the Dungeon)

   rC++:      It greatly protects you from cold.
   rN+:       It protects you from negative energy.
Missiles
 A - 4 curare-tipped darts
Armour
 a - a +1 robe
 F - the +1 ring mail of Zonlurgha {rElec rN+}
   (You found it on level 7 of the Dungeon)

   rElec:     It insulates you from electricity.
   rN+:       It protects you from negative energy.
 H - the +1 leather armour of Impressiveness {rElec Int+2}
   (You found it on level 9 of the Dungeon)

   Int+2:     It affects your intelligence (+2).
   rElec:     It insulates you from electricity.
 P - a +2 cloak (melded)
 Y - a +2 robe of resistance (melded)
Magical Staves
 B - a staff of conjuration (weapon)
 T - a staff of cold
 X - a staff of air
Jewellery
 b - a ring of positive energy (left branch)
 d - an amulet of the acrobat
 i - a +4 ring of protection
 k - an amulet of reflection (around neck)
 v - a ring of willpower (right branch)
 R - the ring "Peatas" {rPois EV+5 Dex+4}
   (You found it in a Gauntlet)

   [ring of evasion]

   EV+5:      It affects your evasion (+5).
   Dex+4:     It affects your dexterity (+4).
   rPois:     It protects you from poison
 S - a ring of see invisible
Wands
 n - a wand of digging (5)
 x - a wand of paralysis (12)
 y - a wand of mindburst (10)
 J - a wand of polymorph (4)
 W - a wand of flame (9)
Scrolls
 e - 3 scrolls of enchant armour
 q - 2 scrolls of immolation
 r - a scroll of poison {unknown}
 u - a scroll of blinking
 z - 4 scrolls of fear {unknown}
 G - 2 scrolls of vulnerability {unknown}
 K - a scroll of amnesia {unknown}
 L - a scroll of torment {unknown}
 N - a scroll of acquirement {unknown}
Potions
 c - 3 potions of enlightenment
 g - 5 potions of invisibility {unknown}
 h - 7 potions of cancellation
 j - 10 potions of curing
 l - 2 potions of heal wounds
 m - 3 potions of berserk rage
 o - a potion of resistance {unknown}
 p - 2 potions of magic
 s - 2 potions of ambrosia {unknown}
 t - 3 potions of might {unknown}
 w - 2 potions of attraction {unknown}
 C - 2 potions of lignification
 I - a potion of haste {unknown}
 M - 3 potions of brilliance {unknown}
 Z - a potion of degeneration {unknown}
Miscellaneous
 E - a tin of tremorstones (2/2)
 Q - a phantom mirror
 U - a phial of floods
 V - a lightning rod (4/4)


   Skills:
 - Level 3.1 Fighting
 - Level 10.2 Dodging
 - Level 7.0 Stealth
 + Level 14.4 Spellcasting
 - Level 13.9 Conjurations
 - Level 2.5 Translocations
 * Level 9.5 Fire Magic
 * Level 8.7 Air Magic
 - Level 2.6 Alchemy


You had 4 spell levels left.
You knew the following spells:

 Your Spells              Type           Power      Damage    Failure   Level
a - Magic Dart            Conj           100%       1d8       0%          1
b - Searing Ray           Conj           100%       2d8       0%          2
c - Fulminant Prism       Conj/Alch      40%        3d19      1%          4
d - Iskenderun's Mystic   Conj/Tloc      80%        2d16      1%          4
e - Yara's Violent Unrav  Hex/Alch       14%        3d7       11%         5
f - Swiftness             Air            64%        N/A       1%          3
g - Iskenderun's Battles  Conj           100%       2d15      1%          5
h - Plasma Beam           Fire/Air       32%        2x1d45    2%          6
i - Starburst             Conj/Fire      46%        6d13      1%          6

Your spell library contained the following spells:

 Spells                   Type           Power      Damage    Failure   Level
 Shock                    Conj/Air       100%       1d9       0%          1
 Airstrike                Air            32%        2d(5-21)  1%          4
 Tukima's Dance           Hex            20%        N/A       7%          3
 Passage of Golubria      Tloc           35%        N/A       9%          4
 Petrify                  Alch/Erth      28%        N/A       14%         4
 Borgnjor's Vile Clutch   Necr/Erth      10%        N/A       54%         5


Dungeon Overview and Level Annotations

Branches:
Dungeon (12/15)            Temple (1/1) D:4            Lair (0/5) D:10
    Orc (0/2) D:9         Ossuary (visited)          Bailey (visited)
  IceCv (1/1)             Gauntlet (visited)

Altars:
Ashenzari
Cheibriados
Dithmenos
Elyvilon
Fedhas
Gozag
Hepliaklqana
Kikubaaqudgha
Makhleb
Nemelex Xobeh
Okawaru
Qazlal
Ru
Sif Muna
Trog
Uskayaw
Vehumet
Wu Jian
Xom
Yredelemnul
Zin
The Shining One

Shops:
D:1 :   D:7 (


Innate Abilities, Weirdness & Mutations

You are a tree.
Your roots penetrate the ground, keeping you stationary.
You cannot be teleported.
You are immune to unholy pain and torment.
Your maximum health is greatly increased.
Your equipment is partially melded.
((You have a pair of small horns on your head.))
((Your flesh is heat resistant. (rF+)))
((Your system is resistant to poisons. (rPois)))


Message History

The anaconda simulacrum grabs you. The anaconda simulacrum bites you.
The anaconda simulacrum freezes you. You resist.
The anaconda simulacrum constricts you.
You turn into a tree.
Your +2 cloak melds into your body.
Your +2 robe of resistance melds into your body.
You feel hot and cold all over.
Your roots penetrate the ground.
The anaconda simulacrum bites you but does no damage.
The anaconda simulacrum constricts you.
You hit the anaconda simulacrum.
The anaconda simulacrum is lightly damaged.
The anaconda simulacrum bites you but does no damage.
The anaconda simulacrum constricts you.
The anaconda simulacrum bites you but does no damage.
The anaconda simulacrum constricts you.
You hit the anaconda simulacrum but do no damage.
The anaconda simulacrum is lightly damaged.
The anaconda simulacrum bites you but does no damage.
The anaconda simulacrum constricts you.
The anaconda simulacrum bites you but does no damage.
The anaconda simulacrum constricts you.
You hit the anaconda simulacrum.
The anaconda simulacrum is moderately damaged.
The anaconda simulacrum bites you. The anaconda simulacrum freezes you!!
The anaconda simulacrum constricts you.
The anaconda simulacrum bites you but does no damage.
The anaconda simulacrum constricts you. The white ugly thing punches you.
The white ugly thing freezes you!!
* * * LOW HITPOINT WARNING * * *
Okay, then.
Unknown command.
You feel much better.
The anaconda simulacrum bites you but does no damage. x2
The anaconda simulacrum constricts you. The white ugly thing punches you.
The white ugly thing freezes you!!
* * * LOW HITPOINT WARNING * * *
The anaconda simulacrum bites you but does no damage.
The anaconda simulacrum bites you.
* * * LOW HITPOINT WARNING * * *
The anaconda simulacrum freezes you!
You die...

#...∩...#
#.......#
#.......#
#...∩...#
##.....##
##...##
##.##
##..*##
##..♣..##
#..ZZu..#
#.......#
#[......#
#)......#
#.[....)#
####.####
#...†...#
#.......#


You could see a white ugly thing, 2 anaconda simulacra and a friendly
battlesphere.

Vanquished Creatures
  An orc warlord (Bailey)
  A minotaur (Gauntlet)
  8 two-headed ogres
  A hell hog (Gauntlet)
  5 skeletal warriors (D:10)
  2 cyclopes
  3 ugly things
  A wolf spider (Gauntlet)
  A moth of wrath (Gauntlet)
  3 elephants (Gauntlet)
  3 ice statues (IceCv)
  2 gargoyles
  A torpor snail (Gauntlet)
  3 rime drakes
  3 polar bears
  2 trolls
  A vampire (D:11)
  2 wraiths
  2 fire bats (Gauntlet)
  9 yaks
  4 redbacks (Gauntlet)
  A steam dragon (D:9)
  2 death yak simulacra (IceCv)
  2 acid dragons
  A sky beast (D:7)
  A water moccasin (D:8)
  3 hell hounds (Gauntlet)
  10 ice beasts
  3 black bears
  13 orc warriors
  A centaur (D:8)
  4 ogres
  3 wolves
  3 phantoms
  A kobold brigand (D:6)
  A bullfrog (D:6)
  3 gnoll sergeants
  3 scorpions
  A cane toad simulacrum (IceCv)
  2 water moccasin zombies (Ossuary)
  14 wights
  An elephant simulacrum (IceCv)
  A burial acolyte (Ossuary)
  6 killer bees (D:9)
  6 howler monkeys
  A jelly (D:7)
  5 hounds
  6 orc priests
  2 gnoll boudas
  2 sleepcaps
  An iguana (D:6)
  A spectral scorpion (Ossuary)
  14 orc wizards
  A polar bear simulacrum (IceCv)
  A crocodile zombie (Ossuary)
  2 mummies (Ossuary)
  8 adders
  18 gnolls
  3 shadow imps
  2 white imps
  5 adder zombies (Ossuary)
  2 dart slugs
  2 ribbon worms (D:3)
  45 orcs
  4 endoplasms
  4 giant cockroaches
  10 gnoll zombies (Ossuary)
  15 goblins
  7 hobgoblins
  3 quokkas (D:5)
  2 ball pythons
  4 bats
  4 frilled lizards
  4 jackal zombies (Ossuary)
  14 kobolds
  3 orc zombies (Ossuary)
  2 rats
341 creatures vanquished.

Vanquished Creatures (others)
  49 fulminant prisms
49 creatures vanquished.

Grand Total: 390 creatures vanquished

Notes
Turn   | Place    | Note
-------+----------+-------------------------------------------
     0 | D:1      | Gottschkopf the Deep Elf Conjurer began the quest for the
                  | Orb.
     0 | D:1      | Reached XP level 1. HP: 10/10 MP: 6/6
   564 | D:1      | Found a faded altar of an unknown god.
   759 | D:1      | Reached XP level 2. HP: 15/15 MP: 5/8
   793 | D:1      | Reached skill level 5 in Conjurations
   873 | D:1      | Found Derr's Book Shop.
  1291 | D:2      | Reached XP level 3. HP: 19/19 MP: 2/9
  1384 | D:2      | Got the Excursus on the Plutonic Tincture
  1388 | D:2      | Learned a level 2 spell: Searing Ray
  1592 | D:2      | You fall into a shaft and drop 2 floors!
  1604 | D:4      | Noticed an ogre
  1612 | D:4      | Noticed a phantom
  1618 | D:4      | Killed a phantom
  1619 | D:4      | Reached XP level 4. HP: 24/24 MP: 3/10
  1781 | D:4      | Killed an ogre
  1782 | D:4      | Reached XP level 5. HP: 28/28 MP: 5/11
  1992 | D:4      | Found a staircase to the Ecumenical Temple.
  2001 | Temple   | Entered the Ecumenical Temple
  2011 | Temple   | Became a worshipper of Vehumet
  2081 | D:3      | Reached XP level 6. HP: 32/32 MP: 6/12
  2227 | D:3      | Learned a level 4 spell: Fulminant Prism
  2341 | D:3      | Found a burning altar of Makhleb.
  2341 | D:3      | Found a snail-covered altar of Cheibriados.
  2342 | D:3      | Found a sparkling altar of Nemelex Xobeh.
  2593 | D:3      | Found an ancient bone altar of Kikubaaqudgha.
  2644 | D:3      | Found a glowing silver altar of Zin.
  2657 | D:3      | Learned a level 4 spell: Iskenderun's Mystic Blast
  3370 | D:4      | Reached skill level 1 in Alchemy
  3425 | D:4      | Reached skill level 1 in Translocations
  3437 | D:5      | Entered Level 5 of the Dungeon
  3745 | D:5      | Noticed an ice beast
  3750 | D:5      | Killed an ice beast
  3751 | D:5      | Reached XP level 7. HP: 36/36 MP: 0/13
  4492 | D:5      | Reached XP level 8. HP: 41/41 MP: 8/15
  4615 | D:5      | Reached skill level 4 in Spellcasting
  4682 | D:5      | Reached * piety under Vehumet
  4682 | D:5      | Offered knowledge of Freeze by Vehumet.
  5329 | D:5      | Reached skill level 10 in Conjurations
  5665 | D:6      | Reached skill level 5 in Spellcasting
  6030 | D:6      | Reached skill level 6 in Spellcasting
  6286 | D:6      | Reached skill level 5 in Dodging
  6725 | D:6      | Reached skill level 7 in Spellcasting
  6727 | D:6      | Reached XP level 9. HP: 45/45 MP: 1/21
  7073 | D:7      | Found a sand-covered staircase.
  7083 | Ossuary  | Entered an ossuary
  7168 | Ossuary  | Reached ** piety under Vehumet
  7168 | Ossuary  | Offered knowledge of Kiss of Death by Vehumet.
  7522 | Ossuary  | Offered knowledge of Inner Flame by Vehumet.
  7564 | Ossuary  | Identified the +3 spear of Destiny {freeze, rElec rPois
                  | Int+2 Stlth+}
  7751 | D:7      | Reached *** piety under Vehumet
  7752 | D:7      | Reached skill level 8 in Spellcasting
  7846 | D:7      | Identified the +4 spear "Uwnuepsu" {vamp, MP+9}
  7974 | D:7      | Identified the +1 ring mail of Zonlurgha {rElec rN+}
  8015 | D:7      | Found Oxyothronk's Weapon Shop.
  8078 | D:7      | Noticed a +0 dagger
  8078 | D:7      | Noticed a +0 hand axe
  8084 | D:7      | Found a hide-covered altar of Uskayaw.
  8399 | D:8      | Noticed a two-headed ogre
  8408 | D:8      | Noticed a two-headed ogre
  8409 | D:8      | Killed a two-headed ogre
  8409 | D:8      | Offered knowledge of Brom's Barrelling Boulder by Vehumet.
  8410 | D:8      | Reached skill level 9 in Spellcasting
  8419 | D:8      | Killed a two-headed ogre
  8452 | D:8      | Reached skill level 10 in Spellcasting
  8452 | D:8      | Reached XP level 10. HP: 44/50 MP: 3/26
  8458 | D:8      | Learned a level 5 spell: Yara's Violent Unravelling
  8873 | D:8      | Found a flagged portal.
  8886 | Bailey   | Entered a bailey
  8897 | Bailey   | Noticed an orc warlord
  9040 | Bailey   | Reached **** piety under Vehumet
  9168 | Bailey   | Found a runed translucent gate.
  9171 | Bailey   | Found a runed translucent gate.
  9173 | Bailey   | Found a runed translucent gate.
  9307 | Bailey   | Killed an orc warlord
  9308 | Bailey   | Reached skill level 11 in Spellcasting
  9341 | Bailey   | Learned a level 3 spell: Swiftness
  9720 | D:9      | Found a staircase to the Orcish Mines.
  9726 | D:9      | Offered knowledge of Iskenderun's Battlesphere by Vehumet.
  9800 | D:9      | Identified the +1 leather armour of Impressiveness {rElec
                  | Int+2}
 10047 | D:9      | Learned a level 5 spell: Iskenderun's Battlesphere
 10237 | D:9      | Noticed a two-headed ogre
 10240 | D:9      | Killed a two-headed ogre
 10366 | D:9      | Reached skill level 12 in Spellcasting
 10399 | D:9      | Reached XP level 11. HP: 47/54 MP: 22/29
 10459 | D:9      | Found a shadowy altar of Dithmenos.
 10584 | D:9      | Found a bloodstained altar of Trog.
 10595 | D:9      | Identified the +5 quarterstaff of the Healing Gods {spect,
                  | rPois Str+3}
 10674 | D:9      | Found a hazy altar of Hepliaklqana.
 10865 | D:10     | Entered Level 10 of the Dungeon
 10899 | D:10     | Noticed a skeletal warrior
 10913 | D:10     | Noticed a skeletal warrior
 10920 | D:10     | Noticed a skeletal warrior
 10922 | D:10     | Noticed a skeletal warrior
 10924 | D:10     | Noticed a skeletal warrior
 10927 | D:10     | Killed a skeletal warrior
 10929 | D:10     | Killed a skeletal warrior
 11095 | D:10     | Found a glowing golden altar of the Shining One.
 11133 | D:10     | Reached skill level 5 in Stealth
 11279 | D:10     | Killed a skeletal warrior
 11301 | D:10     | Killed a skeletal warrior
 11301 | D:10     | Reached ***** piety under Vehumet
 11492 | D:10     | Found a shimmering blue altar of Sif Muna.
 11656 | D:10     | Killed a skeletal warrior
 11657 | D:10     | Reached skill level 10 in Dodging
 11748 | D:10     | Noticed a two-headed ogre
 11755 | D:10     | Offered knowledge of Plasma Beam by Vehumet.
 11756 | D:10     | Killed a two-headed ogre
 11770 | D:10     | Learned a level 6 spell: Plasma Beam
 11839 | D:10     | Found a staircase to the Lair.
 11954 | D:10     | Reached skill level 1 in Fire Magic
 11954 | D:10     | Reached skill level 1 in Air Magic
 12032 | D:10     | Noticed a two-headed ogre
 12036 | D:10     | Killed a two-headed ogre
 12211 | D:11     | Identified the +0 morningstar "Esaeggof" {drain, rC++ rN+}
 12385 | D:11     | Found a gate leading to a gauntlet.
 12401 | Gauntlet | Entered a Gauntlet
 12401 | Gauntlet | Found a transporter.
 12401 | Gauntlet | Found a transporter.
 12404 | Gauntlet | Found a transporter.
 12404 | Gauntlet | Found a transporter.
 12407 | Gauntlet | Found a transporter.
 12447 | Gauntlet | Found a transporter.
 12447 | Gauntlet | Noticed a wolf spider
 12448 | Gauntlet | Found a transporter.
 12448 | Gauntlet | Found a transporter.
 12450 | Gauntlet | Noticed a hell hog
 12461 | Gauntlet | Found a transporter.
 12476 | Gauntlet | Noticed a wretched star
 12477 | Gauntlet | Found a transporter.
 12487 | Gauntlet | Found a transporter.
 12490 | Gauntlet | Noticed a balrug
 12494 | Gauntlet | Found a transporter.
 12535 | Gauntlet | Found a transporter.
 12547 | Gauntlet | Found a transporter.
 12596 | Gauntlet | Reached XP level 12. HP: 59/59 MP: 10/30
 12688 | Gauntlet | Reached skill level 5 in Fire Magic
 12765 | Gauntlet | Identified the ring "Peatas" {rPois EV+5 Dex+4}
 12771 | Gauntlet | Identified the +10 sling of Melee {heavy, Int+3}
 12791 | Gauntlet | Reached skill level 5 in Air Magic
 12795 | Gauntlet | Killed a hell hog
 12881 | Gauntlet | Identified the +2 short sword of Yxiwurip {holy, rC+ Will+
                  | Str-5 Int+2}
 12881 | Gauntlet | Noticed a minotaur
 12954 | Gauntlet | Reached skill level 13 in Spellcasting
 12954 | Gauntlet | Reached XP level 13. HP: 17/68 MP: 24/32
 12958 | Gauntlet | HP: 2/102 [minotaur/silver javelin (11)]
 12966 | Gauntlet | Killed a minotaur
 13703 | D:11     | Gained mutation: Your natural rate of healing is unusually
                  | fast. [potion of mutation]
 13703 | D:11     | Gained mutation: You occasionally lose the ability to drink
                  | potions when taking damage. [potion of mutation]
 13703 | D:11     | Gained mutation: Your mind is acute. (Int +4, Str/Dex -1)
                  | [potion of mutation]
 13703 | D:11     | Gained mutation: You have a pair of small horns on your
                  | head. [potion of mutation]
 13704 | D:11     | Lost mutation: You occasionally lose the ability to drink
                  | potions when taking damage. [potion of mutation]
 13704 | D:11     | Lost mutation: Your mind is acute. (Int +4, Str/Dex -1)
                  | [potion of mutation]
 13704 | D:11     | Gained mutation: You are strong-willed. (Will+) [potion of
                  | mutation]
 13704 | D:11     | Gained mutation: Your muscles are strong. (Str +4, Int/Dex
                  | -1) [potion of mutation]
 13922 | D:11     | Reached skill level 14 in Spellcasting
 14222 | D:12     | Found a frozen archway.
 14228 | D:12     | Offered knowledge of Starburst by Vehumet.
 14256 | D:11     | Learned a level 6 spell: Starburst
 14453 | IceCv    | Entered an ice cave
 14630 | IceCv    | Identified the +7 quarterstaff "Death Rattle" {freeze, rC++
                  | rN+ rCorr Dex+2}
 14633 | IceCv    | Lost mutation: You have a pair of small horns on your head.
                  | [potion of mutation]
 14633 | IceCv    | Lost mutation: You are strong-willed. (Will+) [potion of
                  | mutation]
 14633 | IceCv    | Lost mutation: Your natural rate of healing is unusually
                  | fast. [potion of mutation]
 14633 | IceCv    | Gained mutation: You are resistant to electric shocks.
                  | (rElec) [potion of mutation]
 14634 | IceCv    | Lost mutation: You are resistant to electric shocks.
                  | (rElec) [potion of mutation]
 14634 | IceCv    | Lost mutation: Your muscles are strong. (Str +4, Int/Dex
                  | -1) [potion of mutation]
 14634 | IceCv    | Gained mutation: Your system is resistant to poisons.
                  | (rPois) [potion of mutation]
 14634 | IceCv    | Gained mutation: You have a pair of small horns on your
                  | head. [potion of mutation]
 14634 | IceCv    | Gained mutation: Your flesh is heat resistant. (rF+)
                  | [potion of mutation]
 14832 | IceCv    | HP: 4/102 [white ugly thing (34)]
 14832 | IceCv    | Mangled by an anaconda simulacrum

Illustrated notes

Levels and vault maps discovered:
D:1:      shiori_arrival_oz, layout_loops_corners, serial_shops, shop,
          shapermc_ecumenical_altar_ellora
D:2:      layout_basic
D:3:      layout_basic, nicolae_overflow_quartered_altars,
          overflow_temple_1_default
D:4:      layout_basic, lemuel_temple_firewalk_b, minmay_cupped
D:5:      layout_basic
D:6:      layout_basic, serial_rivers, chequers_serial_rivers_large_a,
          chequers_serial_rivers_room_b, chequers_serial_rivers_small_3,
          chequers_serial_rivers_small_b, chequers_serial_rivers_marsh,
          chequers_serial_rivers_small_3
D:7:      layout_cave_pools, dancing_weapons_uskayaw, enter_ossuary_1,
          serial_shops, nicolae_shop_crystal
D:8:      layout_basic, enter_bailey_5
D:9:      layout_small_grid, mainiacjoe_overflow_tiny_flanked,
          lemuel_round_altar, kennysheep_mini_moat, orc_0_dummy,
          minmay_increasing_density
D:10:     layout_roguey, mainiacjoe_overflow_alcove_1,
          mainiacjoe_overflow_six_doors_small, hellmonk_lair_entry_icy
D:11:     layout_roguey [special_room_orc], gauntlet_entry_generic
D:12:     layout_cave_pools, portal_ice_cave_entry_animals_and_master,
          serial_column_ruins, column_ruins_open_small, column_ruins_open_tiny,
          column_ruins_columns_corner, column_ruins_columns_straight,
          column_ruins_open_small
Temple:   jpeg_temple_clearing
IceCv:    ice_cave_statue_garden_chambered

Skill      XL: |  1  2  3  4  5  6  7  8  9 10 11 12 13 |
---------------+----------------------------------------+-----
Conjurations   | 5 6 7 8 9 10 12 13 | 13.9
Alchemy        | 1 2 |  2.6
Translocations | 1 2 |  2.5
Dodging        | 3 5 6 9 10 | 10.2
Spellcasting   | 7 10 12 13 14 | 14.4
Stealth        | 3 7 |  7.0
Fire Magic     | 4 7 9 |  9.5
Air Magic      | 4 6 8 |  8.7
Fighting       | 3 |  3.1

Action                     |  1- 3 |  4- 6 |  7- 9 | 10-12 | 13-15 || total
---------------------------+-------+-------+-------+-------+-------++-------
  Melee: Dagger            |     8 |     1 |     8 |       |       ||    17
         Staff             |       |       |     5 |       |     9 ||    14
   Cast: Magic Dart        |    42 |    50 |   137 |   183 |    75 ||   487
         Searing Ray       |     1 |     6 |    21 |    17 |       ||    45
         Fulminant Prism   |       |     2 |    23 |    24 |       ||    49
         Iskenderun's Myst |       |     1 |    22 |    41 |    13 ||    77
         Iskenderun's Batt |       |       |       |    21 |    16 ||    37
         Plasma Beam       |       |       |       |       |    27 ||    27
         Swiftness         |       |       |       |       |     1 ||     1
    Use: Scroll            |       |       |     6 |     8 |     1 ||    15
         Potion            |       |       |     1 |     3 |     9 ||    13
   Stab: Sleeping          |       |     1 |       |       |       ||     1
 Armour: Robe              |     1 |     6 |    48 |    31 |     7 ||    93
         Skin              |       |       |       |       |    20 ||    20
         Leather armour    |       |       |       |       |     5 ||     5
  Dodge: Dodged            |     4 |     4 |    44 |    40 |    25 ||   117
  Block: Other             |       |     2 |    19 |     9 |     6 ||    36
         Reflection        |       |       |       |     1 |       ||     1
